 Dungeon Crawl Stone Soup version 0.27-a0-978-g2aa4ecdaef (webtiles) character file.

Game seed: 17631032340418584921

6398 robertstho the Thaumaturge (level 10, 0/52 HPs)
             Began as a Deep Elf Fire Elementalist on Apr 14, 2021.
             Was a Priest of Sif Muna.
             Slain by a shadow (25 damage)
             ... on level 11 of the Dungeon.
             The game lasted 00:26:09 (14578 turns).

robertstho the Thaumaturge (DEFE)                  Turns: 14578, Time: 00:26:10

Health: 0/52       AC: 11    Str:  5    XL:     10   Next: 66%
Magic:  8/27       EV: 13    Int: 30    God:    Sif Muna [***...]
Gold:   433        SH:  0    Dex: 15    Spells: 16/32 levels left

rFire    . . .     SeeInvis .   s - +0 trident (protect)
rCold    . . .     Faith    .   (no shield)
rNeg     . . .     Spirit   .   o - +2 robe {Will+}
rPois    .         Reflect  .   i - +2 helmet
rElec    .         Harm     .   (no cloak)
rCorr    .         Rampage  .   (no gloves)
Will     ++...                  (no boots)
Stlth    +++.......             (no amulet)
HPRegen  0.17/turn              j - +6 ring of intelligence
MPRegen  0.20/turn              B - +4 ring of protection

@: swift (expiring), very quick
A: no striking features
a: Renounce Religion, Channel Magic, Forget Spell


You were on level 11 of the Dungeon.
You worshipped Sif Muna.
Sif Muna was most pleased with you.
You visited 2 branches of the dungeon, and saw 12 of its levels.
You also visited: Ossuary.

You collected 695 gold pieces.
You spent 262 gold pieces at shops.

Inventory:

Hand Weapons
 a - a +1 dagger of venom
 b - a +0 spear
 s - a +0 trident of protection (weapon)
Missiles
 c - 10 javelins
 h - 7 atropa-tipped darts
 t - a throwing net
 I - a curare-tipped dart
Armour
 i - a +2 helmet (worn)
 o - a +2 robe of willpower (worn)
 E - +0 acid dragon scales
Jewellery
 j - a +6 ring of intelligence (left hand)
 l - a ring of flight
 B - a +4 ring of protection (right hand)
 C - a +6 ring of intelligence
Wands
 u - a wand of iceblast (5)
 z - a wand of mindburst (13)
 A - a wand of flame (10)
Scrolls
 d - 9 scrolls of teleportation
 e - a scroll of enchant weapon
 r - a scroll of fear
 v - 2 scrolls of immolation
 x - a scroll of summoning
 y - a scroll of blinking
 F - 3 scrolls of identify
 G - 2 scrolls of magic mapping
 H - a scroll of silence {unknown}
Potions
 f - 4 potions of heal wounds
 g - 3 potions of lignification
 k - 2 potions of might
 m - 3 potions of curing
 n - a potion of mutation
 p - a potion of brilliance
 q - 3 potions of flight
 w - 4 potions of haste
 D - 3 potions of attraction
 J - a potion of invisibility {unknown}


   Skills:
 + Level 1.0 Fighting
 + Level 0.2 Short Blades
 + Level 0.7 Polearms
 + Level 4.2 Dodging
 + Level 3.8 Stealth
 * Level 11.6 Spellcasting
 * Level 8.8 Conjurations
 * Level 10.6 Fire Magic
 * Level 4.5 Invocations


You had 16 spell levels left.
You knew the following spells:

 Your Spells              Type           Power      Damage    Failure   Level
a - Foxfire               Conj/Fire      100%       2x1d9     1%          1
b - Conjure Flame         Conj/Fire      66%        6-21      1%          3
c - Sticky Flame          Conj/Fire      66%        2d8       1%          4
d - Fireball              Conj/Fire      33%        3d14      1%          5
e - Swiftness             Air            17%        N/A       9%          3

Your spell library contained the following spells:

 Spells                   Type           Power      Damage    Failure   Level
 Shock                    Conj/Air       100%       1d9       1%          1
 Static Discharge         Conj/Air       44%        N/A       1%          2
 Ignite Poison            Fire/Tmut/Pois 38%        N/A       1%          3
 Inner Flame              Hex/Fire       49%        N/A       1%          3
 Mephitic Cloud           Conj/Pois/Air  35%        N/A       2%          3
 Beastly Appendage        Tmut           34%        N/A       3%          1
 Sting                    Tmut/Pois      68%        1d6       3%          1
 Poisonous Vapours        Pois/Air       34%        N/A       4%          2
 Wereblood                Tmut           17%        N/A       4%          2
 Spider Form              Tmut/Pois      8%         N/A       9%          3
 Lightning Bolt           Conj/Air       22%        1d37      13%         5
 Airstrike                Air            8%         N/A       28%         4
 Ice Form                 Ice/Tmut       17%        N/A       30%         4
 Olgreb's Toxic Radiance  Pois           17%        N/A       30%         4
 Hydra Form               Tmut           8%         N/A       63%         5


Dungeon Overview and Level Annotations

Branches:
Dungeon (11/15)            Temple (1/1) D:4         Ossuary (visited)
   Lair: D:8-11         Orc: D:9-12

Altars:
Ashenzari
Cheibriados
Dithmenos
Elyvilon
Fedhas
Gozag
Hepliaklqana
Kikubaaqudgha
Makhleb
Nemelex Xobeh
Okawaru
Qazlal
Ru
Sif Muna
Trog
Uskayaw
Vehumet
Wu Jian
Xom
Yredelemnul
Zin
The Shining One

Shops:
D:1 *=**?   D:5 ?(

Annotations:
D:1 442 ring scroll shop
D:5 1 runed translucent door, corevian's ghost, novice SpHu
D:9 3 runed translucent doors


Message History

Sif Muna accepts your kill.
The troll leather armour is intact enough to wear.
You hear a roar!
A shadow comes into view.
Casting: Fireball (dangerous; 1% risk of failure)
Confirm with . or Enter, or press ? or * to list all spells.
Aiming: Fireball (dangerous; 1% risk of failure)
Press: ? - help, Shift-Dir - straight line, f - shadow
Aim: a shadow The fireball explodes!
The fireball engulfs the shadow.
The shadow is lightly damaged.
You hear a roar!
Unknown command.
Casting: Fireball (dangerous; 1% risk of failure)
Confirm with . or Enter, or press ? or * to list all spells.
Aiming: Sticky Flame (dangerous; 1% risk of failure)
Press: ? - help, Shift-Dir - straight line, f/p - shadow
Aim: a shadow (lightly damaged, 0% to evade)
The sticky flame hits the shadow but does no damage.
The shadow is lightly damaged.
The shadow slips into darkness.
The shadow flickers and vanishes!
Deactivating autopickup; reactivate with Ctrl-A.
You barely miss something.
The shadow strikes at you from the darkness!
Reactivating autopickup.
The shadow slips into darkness.
The shadow flickers and vanishes!
Deactivating autopickup; reactivate with Ctrl-A.
You miss something.
The shadow strikes at you from the darkness!
Reactivating autopickup.
You barely miss the shadow.
The shadow is lightly damaged.
You start to feel a little slower.
The shadow slips into darkness.
The shadow flickers and vanishes!
Deactivating autopickup; reactivate with Ctrl-A.
The shadow strikes at you from the darkness!
You die...

... ...
... ...##
#.#. .
... [.#
#{###...#
#@..#
#.### #.#
#.# #.#
..# ###


There were no monsters in sight!

Vanquished Creatures
  A troll (D:11)
  A shadow (D:10)
  A wyvern (D:8)
  Sigmund (D:2)
  5 yaks (D:10)
  A wraith (D:10)
  Eustachio (D:5)
  An acid dragon (D:8)
  A water moccasin (D:7)
  5 orc warriors
  An ice beast (D:8)
  A sky beast (D:7)
  4 centaurs
  3 elf zombies (Ossuary)
  3 kobold brigands
  A gnoll sergeant (D:5)
  A bullfrog (D:8)
  5 scorpions
  A water moccasin zombie (D:5)
  14 killer bees
  19 wights (D:7)
  4 howler monkeys
  3 hounds
  2 human zombies
  2 bullfrog zombies
  2 centaur zombies (D:6)
  2 jellies
  7 orc priests
  Jessica (D:3)
  3 iguanas
  7 orc wizards
  2 hound zombies (Ossuary)
  A hound skeleton (D:4)
  3 mummies (Ossuary)
  7 gnolls
  An adder (D:5)
  A howler monkey skeleton (D:5)
  2 white imps
  6 adder zombies (Ossuary)
  A worm (D:4)
  2 dart slugs
  20 orcs
  2 bats (D:1)
  4 endoplasms
  4 giant cockroaches
  5 goblins
  5 hobgoblins
  7 jackals
  5 quokkas
  2 ball pythons (D:3)
  2 frilled lizards
  3 gnoll zombies (Ossuary)
  2 goblin zombies (Ossuary)
  2 hobgoblin zombies (Ossuary)
  3 jackal zombies (Ossuary)
  21 kobolds
  2 kobold zombies (Ossuary)
  2 orc zombies (Ossuary)
  3 quokka zombies (Ossuary)
  5 rats
  5 rat zombies (Ossuary)
  6 bushes (D:6)
240 creatures vanquished.

Vanquished Creatures (collateral kills)
  10 foxfires (D:6)
10 creatures vanquished.

Vanquished Creatures (others)
  559 foxfires
  6 plants (D:5)
565 creatures vanquished.

Grand Total: 815 creatures vanquished

Notes
Turn   | Place    | Note
-------+----------+-------------------------------------------
     0 | D:1      | robertstho the Deep Elf Fire Elementalist began the quest
                  | for the Orb.
     0 | D:1      | Reached XP level 1. HP: 10/10 MP: 6/6
   140 | D:1      | Reached XP level 2. HP: 15/15 MP: 6/8
   385 | D:1      | Found Duuk's Jewellery Boutique.
   395 | D:1      | Found Jiutustry's Assorted Antiques.
   677 | D:1      | Found Feackiho's Assorted Antiques.
   848 | D:1      | Found a faded altar of an unknown god.
  1033 | D:1      | Found Notsae's Assorted Antiques.
  1112 | D:1      | Found Fownyscho's Magic Scroll Emporium.
  1117 | D:1      | Bought a scroll of identify for 26 gold pieces
  1117 | D:1      | Bought a scroll of identify for 26 gold pieces
  1457 | D:2      | Reached XP level 3. HP: 19/19 MP: 6/10
  1624 | D:2      | Noticed Sigmund
  1636 | D:2      | Killed Sigmund
  1637 | D:2      | Reached skill level 5 in Spellcasting
  1637 | D:2      | Reached XP level 4. HP: 16/24 MP: 5/13
  1637 | D:2      | Reached XP level 5. HP: 19/28 MP: 5/14
  1643 | D:2      | Learned a level 3 spell: Conjure Flame
  1648 | D:2      | Learned a level 4 spell: Sticky Flame
  1654 | D:2      | Learned a level 5 spell: Fireball
  2680 | D:3      | Noticed Jessica
  2685 | D:3      | Killed Jessica
  2881 | D:4      | Reached skill level 5 in Fire Magic
  3417 | D:4      | Reached XP level 6. HP: 18/32 MP: 9/16
  3687 | D:4      | Found a staircase to the Ecumenical Temple.
  3695 | Temple   | Entered the Ecumenical Temple
  3855 | Temple   | Became a worshipper of Sif Muna the Loreminder
  4403 | D:5      | Entered Level 5 of the Dungeon
  4529 | D:5      | Noticed Eustachio
  4571 | D:6      | Reached XP level 7. HP: 30/36 MP: 7/17
  4680 | D:6      | Reached skill level 6 in Spellcasting
  4680 | D:6      | Reached skill level 1 in Invocations
  5277 | D:5      | Found a runed translucent door.
  5286 | D:5      | Noticed corevian's ghost (novice SpHu)
  5397 | D:5      | Killed Eustachio
  5398 | D:5      | Reached skill level 7 in Spellcasting
  5495 | D:5      | Found Tuf Coni's Weapon Boutique.
  5551 | D:5      | Reached skill level 5 in Conjurations
  5575 | D:5      | Reached XP level 8. HP: 24/41 MP: 6/20
  5871 | D:5      | Found Doovuo's Magic Scroll Shop.
  5879 | D:5      | Bought 3 scrolls of identify for 72 gold pieces
  5879 | D:5      | Bought a scroll of teleportation for 36 gold pieces
  5879 | D:5      | Bought a scroll of immolation for 42 gold pieces
  5879 | D:5      | Bought a scroll of identify for 24 gold pieces
  5879 | D:5      | Bought a scroll of identify for 24 gold pieces
  5879 | D:5      | Bought a scroll of noise for 12 gold pieces
  6562 | D:6      | Reached skill level 8 in Spellcasting
  7532 | D:7      | Reached * piety under Sif Muna
  7738 | D:7      | Reached skill level 9 in Spellcasting
  8439 | D:7      | Reached XP level 9. HP: 37/45 MP: 9/24
  8759 | D:7      | Reached skill level 10 in Spellcasting
  9231 | D:7      | Found a snail-covered altar of Cheibriados.
  9441 | D:7      | Found a shadowy altar of Dithmenos.
  9441 | D:7      | Found an iron altar of Okawaru.
  9501 | D:7      | Found a bloodstained altar of Trog.
  9740 | D:8      | Reached ** piety under Sif Muna
  9864 | D:8      | Found a sand-covered staircase.
  9872 | Ossuary  | Entered an ossuary
 11096 | D:8      | Reached XP level 10. HP: 22/50 MP: 18/26
 11364 | D:8      | Reached skill level 11 in Spellcasting
 12211 | D:9      | Reached *** piety under Sif Muna
 12328 | D:9      | Found a glowing silver altar of Zin.
 12521 | D:9      | Reached skill level 1 in Fighting
 12736 | D:9      | Found a runed translucent door.
 12737 | D:9      | Found a runed translucent door.
 12737 | D:9      | Noticed a purple ugly thing
 12737 | D:9      | Noticed an eight-headed hydra
 12738 | D:9      | Found a runed translucent door.
 12844 | D:9      | Learned a level 3 spell: Swiftness
 12898 | D:10     | Entered Level 10 of the Dungeon
 13609 | D:10     | Found a hide-covered altar of Uskayaw.
 14174 | D:10     | Reached skill level 10 in Fire Magic
 14578 | D:11     | Slain by a shadow

Illustrated notes

Levels and vault maps discovered:
D:1:      dpeg_arrival_fog, layout_loops_corners,
          ebering_ecumenical_altar_petrified, serial_shops, shop_fountains,
          nicolae_shop_waterfront, shop, shop, shop, chequers_decorated_corner,
          chequers_serial_rivers_micro_e
D:2:      layout_rooms, serial_park_tiny_1, uniq_sigmund
D:3:      layout_basic, uniq_jessica
D:4:      layout_loops_ring, minmay_temple_entry_proselytizer
D:5:      layout_loops_ring, serial_shops, nicolae_shop_waterfront, shop,
          ebering_ghost_sewer_d, hangedman_decor_peaks_small,
          chequers_big_river, nrook_uturn, lightli_minifort, uniq_eustachio
D:6:      layout_gridville, minmay_hedge_maze
D:7:      layout_gridville, trog_butcher_becter,
          gammafunk_temple_overflow_elements, kennysheep_mini_moat,
          nrook_mini_vaults
D:8:      layout_basic, enter_ossuary_3, minmay_crystal_water
D:9:      minmay_the_grid_triangle_9x9_rhombus_full
          [minmay_the_grid_triangle_9x9_fully_insulated_deathbox,
          minmay_the_grid_triangle_9x9_warning,
          minmay_the_grid_triangle_9x9_corruption,
          minmay_the_grid_triangle_9x9_tough_junction,
          minmay_the_grid_triangle_9x9_thin_v,
          minmay_the_grid_triangle_9x9_checkered,
          minmay_the_grid_triangle_9x9_shrine,
          minmay_the_grid_triangle_9x9_prize_schism], layout_basic,
          nicolae_overflow_crystal_walls, hangedman_abyss_or_decor_stagger,
          grunt_decor_cap, minivault_19, solitary_fountain,
          chequers_serial_rivers_small_b, st_stairs_12, amcnicky_mini_pool_small
D:10:     layout_cave_pods, nicolae_uskayaw_murder_on_the_dancefloor
D:11:     layout_loops_ring, lair_entry_dummy, nicolae_trove_entry_diagonal,
          serial_shops, nicolae_shop_stone, shop, shop_statue,
          kennysheep_little_box, nicolae_shop_stone
Temple:   eino_temple_scatter_basement

Skill      XL: |  1  2  3  4  5  6  7  8  9 10 |
---------------+-------------------------------+-----
Fire Magic     | 4 5 6 7 9 10 | 10.6
Spellcasting   | 5 7 9 10 11 | 11.6
Conjurations   | 2 3 5 6 7 8 |  8.8
Stealth        | 3 |  3.8
Dodging        | 3 4 |  4.2
Invocations    | 2 4 |  4.5
Fighting       | 1 |  1.0
Short Blades   | |  0.2
Polearms       | |  0.7

Action                   |  1- 3 |  4- 6 |  7- 9 | 10-12 || total
-------------------------+-------+-------+-------+-------++-------
Melee: Spear             |     2 |       |       |       ||     2
       Dagger            |       |    13 |    19 |       ||    32
       Trident           |       |       |    32 |     8 ||    40
 Cast: Foxfire           |    55 |    94 |   155 |    14 ||   318
       Sticky Flame      |       |     4 |    30 |     5 ||    39
       Fireball          |       |       |    51 |    43 ||    94
       Swiftness         |       |       |       |     2 ||     2
Invok: Channel Magic     |       |       |     3 |     2 ||     5
Evoke: Wand              |       |       |     2 |       ||     2
  Use: Scroll            |     2 |     2 |     9 |     3 ||    16
       Potion            |       |       |     1 |     1 ||     2
Armor: Robe              |     5 |    17 |    32 |     1 ||    55
Dodge: Dodged            |    16 |    37 |    76 |     5 ||   134

Table legend: (Time is in decaauts)
 A = Elapsed time spent in this place.
 B = Non-inter-level travel time spent in this place.
 C = Inter-level travel time spent in this place.
 D = Time resting spent in this place.
 E = Time spent auto-exploring this place.
 F = Levels seen in this place.
 G = Mean time per level.
                   A        B        C        D        E       F      G
               +--------+--------+--------+--------+--------+-----+--------+
         Total |  14607 |  14057 |    550 |   3566 |   8794 |  13 | 1123.6 |
       Dungeon |  13382 |  12868 |    514 |   2911 |   8440 |  11 | 1216.5 |
        Temple |    180 |    144 |     36 |      0 |    143 |   1 |  180.0 |
       Ossuary |   1044 |   1044 |      0 |    655 |    211 |   1 | 1044.0 |
               +--------+--------+--------+--------+--------+-----+--------+

Top non-repeatable levels by time:
     D:6: 1947 daAuts
     D:7: 1914 daAuts
     D:5: 1442 daAuts
     D:8: 1325 daAuts
     D:3: 1268 daAuts
     D:1: 1266 daAuts
    D:10: 1262 daAuts
     D:9: 1254 daAuts
 Ossuary: 1044 daAuts
     D:4: 1012 daAuts
     D:2: 673 daAuts
  Temple: 180 daAuts
    D:11: 14 daAuts
